 Dungeon Crawl Stone Soup version 0.22-a0-109-gbeb7240 (webtiles) character file.

6846 theanonym the Cleaver (level 10, -5/99 HPs)
             Began as a Deep Dwarf Fighter on Jan 26, 2018.
             Was a Priest of Makhleb.
             Slain by a two-headed ogre
             ... wielding a +0 giant spiked club
              (10 damage)
             ... while paralysed by an ogre mage
             ... on level 10 of the Dungeon.
             The game lasted 00:22:09 (3519 turns).

theanonym the Cleaver (Deep Dwarf Fighter)          Turns: 3519, Time: 00:22:10

Health: -5/99      AC: 16    Str: 29    XL:     10   Next: 78%
Magic:  8/8        EV:  2    Int: 10    God:    Makhleb [***...]
Gold:   288        SH:  0    Dex: 17    Spells: 9/9 levels left

rFire    . . .     SeeInvis +   a - +0 war axe
rCold    . . .     Gourm    .   c - +1 shield
rNeg     . . .     Faith    .   i - +0 plate armour {18}
rPois    .         Spirit   .   p - +0 helmet
rElec    .         Reflect  .   x - +0 cloak
rCorr    .         Harm     .   k - +0 pair of gloves
MR       +....     Rnd*Rage +   s - +0 pair of boots
Stlth    ..........             (no amulet)
HPRegen  0.00/turn              j - +3 ring of evasion
MPRegen  0.11/turn              d - ring of see invisible {SInv}

@: paralysed, mighty, agile, non-regenerating, slowed
A: damage resistance, heal wounds, talons 1, berserk 1, sense surroundings 2,
screaming 1, strong 1, no regeneration
a: Heal Wounds, Minor Destruction, Lesser Servant of Makhleb, Renounce Religion


Innate Abilities, Weirdness & Mutations

You are resistant to damage.
You can heal yourself by infusing magical energy.
You passively map the area around you.
You do not regenerate.
You have sharp toenails.
You tend to lose your temper in combat.
You occasionally shout uncontrollably at your foes.
Your muscles are strong. (Str +2)


   Skills:
 + Level 9.0 Fighting
 * Level 13.9 Axes
 - Level 3.2 Armour
 - Level 3.2 Shields
 - Level 5.0 Invocations


You had 9 spell levels left.
You didn't know any spells.

Skill      XL: |  1  2  3  4  5  6  7  8  9 10 |
---------------+-------------------------------+-----
Axes           | 3 4 5 7 8 10 12 13 | 13.9
Fighting       | 3 4 5 6 8 9 |  9.0
Invocations    | 3 5 |  5.0
Armour         | |  3.2
Shields        | |  3.2

Action                   |  1- 3 |  4- 6 |  7- 9 | 10-12 || total
-------------------------+-------+-------+-------+-------++-------
Melee: War axe           |    83 |   121 |   583 |    81 ||   868
Throw: Tomahawk          |       |     1 |     1 |       ||     2
Invok: Lesser Servant of |       |       |       |     1 ||     1
 Abil: Heal Wounds       |       |     2 |     9 |     1 ||    12
Evoke: Wand              |       |     3 |     1 |       ||     4
  Use: Potion            |       |     1 |     8 |     3 ||    12
       Scroll            |       |       |     9 |     4 ||    13
  Eat: Chunk             |       |       |     9 |     2 ||    11
Armor: Scale mail        |    24 |       |       |       ||    24
       Plate armour      |    33 |    94 |   310 |    25 ||   462
       Skin              |       |       |    14 |    45 ||    59
Dodge: Dodged            |    31 |    31 |   123 |    29 ||   214
Block: Shield            |    51 |    71 |   264 |    60 ||   446

Inventory:

Hand Weapons
 a - a +0 war axe (weapon)
Missiles
 f - 5 poisoned tomahawks
 o - 6 tomahawks (quivered)
Armour
 b - a +0 scale mail {10}
 c - a +1 shield (worn)
 i - a +0 plate armour (worn) {18}
   (You found it on level 2 of the Dungeon)
 k - a +0 pair of gloves (worn)
   (You found it on level 2 of the Dungeon)
 p - a +0 helmet (worn)
   (You found it on level 3 of the Dungeon)
 s - a +0 pair of boots (worn)
   (You found it on level 1 of the Dungeon)
 x - a +0 cloak (worn)
   (You found it on level 7 of the Dungeon)
Jewellery
 d - a ring of see invisible (right hand) {SInv}
   (You took it off an orc on level 3 of the Dungeon)
 j - a +3 ring of evasion (left hand)
   (You found it on level 2 of the Dungeon)
Wands
 m - a wand of disintegration (9)
   (You found it on level 3 of the Dungeon)
 v - a wand of polymorph (14)
   (You found it on level 5 of the Dungeon)
 E - a wand of flame (14)
   (You took it off a hobgoblin on level 8 of the Dungeon)
Scrolls
 t - a scroll of teleportation {!r}
 y - a scroll of magic mapping
 B - 3 scrolls of remove curse
 C - 3 scrolls of amnesia
Potions
 g - 3 potions of flight
 h - a potion of brilliance
 n - a potion of cancellation
 q - 3 potions of heal wounds
 u - 2 potions of haste
 w - 7 potions of curing
 A - a potion of might
Miscellaneous
 r - a phantom mirror
Comestibles
 e - 6 rations
 G - 10 chunks of flesh


You were on level 10 of the Dungeon.
You worshipped Makhleb.
Makhleb was most pleased with you.
You were not hungry.

You visited 1 branch of the dungeon, and saw 10 of its levels.
You also visited: Sewer and Ossuary.

You collected 288 gold pieces.

Dungeon Overview and Level Annotations

Branches:
Dungeon (10/15)
 Temple: D:4-7         Lair: D:8-11         Orc: D:9-12

Altars:
Ru
Uskayaw
Vehumet
The Shining One

Shops:
D:10

[ , , *+ * * ,,, ,*....
* , ,,*#∩.#* , #, ,* ,
*###..# * # ,, ,
,<,....# # ,# # ,*, ,
,...#.##.# # ,
***####.##....#
############...§OOO...#
...........#...§@O## ,
#####'######....)O....#
..#.#.......###§§.....#
#.#.'.......# #§......#
#.#.#:......# #.......#
..###.......# #..?##..#
##.........## #...#*..#
.'.#....#..# #...# .#
.#.#....#..# *


You could see 4 two-headed ogres and an ogre mage (unaware).

Notes
Turn   | Place    | Note
-------+----------+-------------------------------------------
     0 | D:1      | theanonym the Deep Dwarf Fighter began the quest for the Orb.
     0 | D:1      | Reached XP level 1. HP: 20/20 MP: 1/1
    97 | D:2      | Reached XP level 2. HP: 22/27 MP: 2/2
   195 | D:3      | Reached skill level 3 in Axes
   205 | D:3      | Reached skill level 3 in Fighting
   218 | D:3      | Reached XP level 3. HP: 26/34 MP: 3/3
   240 | D:3      | Reached skill level 4 in Axes
   248 | D:3      | Noticed Natasha
   257 | D:3      | HP: 17/34 [Natasha (3)]
   267 | D:3      | HP: 16/34 [Natasha/magic dart (1)]
   270 | D:3      | Killed Natasha
   270 | D:3      | Reached XP level 4. HP: 20/42 MP: 4/4
   284 | D:3      | Noticed Sigmund
   315 | D:3      | Killed Sigmund
   315 | D:3      | Reached skill level 4 in Fighting
   315 | D:3      | Reached skill level 5 in Axes
   315 | D:3      | Reached XP level 5. HP: 27/50 MP: 4/4
   424 | D:3      | Reached XP level 6. HP: 45/57 MP: 5/5
   496 | D:4      | Reached skill level 6 in Axes
   629 | D:4      | Reached skill level 7 in Axes
   629 | D:4      | Reached XP level 7. HP: 39/66 MP: 6/6
   844 | D:3      | Reached skill level 5 in Fighting
   950 | D:5      | Entered Level 5 of the Dungeon
   961 | D:5      | Noticed 4thArraOfDagon's ghost (novice DDCj)
   978 | D:5      | Reached skill level 8 in Axes
   984 | D:5      | HP: 30/67 [4thArraOfDagon's ghost (8)]
   993 | D:5      | Killed 4thArraOfDagon's ghost
   993 | D:5      | Reached XP level 8. HP: 53/76 MP: 5/5
  1021 | D:5      | Found a glowing drain.
  1046 | Sewer    | Entered a sewer
  1122 | Sewer    | Reached skill level 9 in Axes
  1182 | Sewer    | Found a burning altar of Makhleb.
  1184 | Sewer    | Noticed Grinder
  1195 | Sewer    | Reached skill level 6 in Fighting
  1237 | Sewer    | Became a worshipper of Makhleb the Destroyer
  1240 | Sewer    | Killed Grinder
  1240 | Sewer    | Reached skill level 10 in Axes
  1522 | D:5      | Noticed Natasha
  1527 | D:5      | Killed Natasha
  1718 | D:5      | Noticed Natasha
  1724 | D:5      | Killed Natasha
  1777 | D:5      | Reached * piety under Makhleb
  1892 | D:6      | Gained mutation: You passively map the area around you. [Deep Dwarf growth]
  1892 | D:6      | Reached XP level 9. HP: 59/85 MP: 5/5
  2094 | D:7      | Reached skill level 7 in Fighting
  2095 | D:7      | Reached skill level 11 in Axes
  2140 | D:7      | HP: 40/86 [orc warrior/war axe (9)]
  2151 | D:7      | Reached ** piety under Makhleb
  2165 | D:7      | Noticed a cyclops
  2165 | D:7      | HP: 29/86 [cyclops/large rock (37)]
  2172 | D:7      | HP: 4/86 [cyclops/large rock (25)]
  2180 | D:7      | HP: 39/86 [cyclops (11)]
  2189 | D:7      | Killed a cyclops
  2306 | D:8      | Found a hide-covered altar of Uskayaw.
  2370 | D:8      | Found a sand-covered staircase.
  2376 | Ossuary  | Entered an ossuary
  2469 | Ossuary  | Killed Menkaure
  2528 | Ossuary  | Reached *** piety under Makhleb
  2666 | D:8      | Gained mutation: You have a beak for a mouth. [potion of mutation]
  2666 | D:8      | Gained mutation: You are agile. (Dex +2) [potion of mutation]
  2667 | D:8      | Lost mutation: You are agile. (Dex +2) [potion of mutation]
  2667 | D:8      | Lost mutation: You have a beak for a mouth. [potion of mutation]
  2667 | D:8      | Gained mutation: You occasionally shout uncontrollably at your foes. [potion of mutation]
  2667 | D:8      | Gained mutation: Your muscles are strong. (Str +2) [potion of mutation]
  2667 | D:8      | Gained mutation: You tend to lose your temper in combat. [potion of mutation]
  2667 | D:8      | Gained mutation: You have sharp toenails. [potion of mutation]
  2779 | D:8      | Found a radiant altar of Vehumet.
  2817 | D:8      | Reached skill level 12 in Axes
  2827 | D:8      | Reached skill level 1 in Invocations
  2838 | D:8      | Found a sacrificial altar of Ru.
  2851 | D:8      | Noticed Prince Ribbit
  2858 | D:8      | Killed Prince Ribbit
  2858 | D:8      | Reached skill level 2 in Invocations
  2974 | D:9      | Found a glowing golden altar of the Shining One.
  3046 | D:9      | Reached skill level 8 in Fighting
  3183 | D:9      | Reached skill level 3 in Invocations
  3183 | D:9      | Reached XP level 10. HP: 85/96 MP: 7/7
  3217 | D:10     | Entered Level 10 of the Dungeon
  3251 | D:10     | Noticed a gargoyle
  3265 | D:10     | Killed a gargoyle
  3269 | D:10     | Noticed Josephine
  3286 | D:10     | Killed Josephine
  3286 | D:10     | Reached skill level 13 in Axes
  3286 | D:10     | Reached skill level 4 in Invocations
  3292 | D:10     | Reached skill level 5 in Invocations
  3435 | D:10     | Noticed Joseph
  3446 | D:10     | Killed Joseph
  3504 | D:10     | Found Pokhlu's Armour Emporium.
  3505 | D:10     | Noticed a two-headed ogre
  3506 | D:10     | Noticed a two-headed ogre
  3509 | D:10     | Noticed an ogre mage
  3511 | D:10     | Noticed a two-headed ogre
  3511 | D:10     | Noticed a two-headed ogre
  3512 | D:10     | HP: 41/98 [two-headed ogre/giant club (14)]
  3515 | D:10     | Noticed a two-headed ogre
  3515 | D:10     | Killed a two-headed ogre
  3515 | D:10     | Reached skill level 9 in Fighting
  3516 | D:10     | Paralysed by an ogre mage for 7 turns
  3517 | D:10     | HP: 33/99 [two-headed ogre/giant club (8)]
  3518 | D:10     | HP: 12/99 [two-headed ogre/giant spiked club (21)]
  3518 | D:10     | HP: 5/99 [two-headed ogre/giant spiked club (5)]
  3519 | D:10     | Slain by a two-headed ogre

Vanquished Creatures
  Josephine (D:10)
  A two-headed ogre (D:10)
  A cyclops (D:7)
  Joseph (D:10)
  The ghost of 4thArraOfDagon the Destroyer, a novice DDCj (D:5)
  A gargoyle (D:10)
  Prince Ribbit (D:8)
  Grinder (Sewer)
  A hippogriff (D:9)
  Sigmund (D:3)
  4 wraiths (D:10)
  An orc warrior (D:7)
  3 ice beasts
  A black bear (D:10)
  2 phantoms
  2 ogres
  A necrophage (D:9)
  2 big kobolds (Sewer)
  2 bullfrogs
  A water moccasin zombie (D:7)
  2 scorpions (D:5)
  5 howler monkeys
  3 crimson imps
  A bullfrog zombie (D:10)
  A quasit (Sewer)
  3 bullfrog skeletons
  7 orc wizards
  2 orc priests
  5 hounds
  3 jellies (D:8)
  An iguana (D:9)
  Natasha (thrice) (D:3 D:5)
  6 worker ants
  A killer bee zombie (D:5)
  2 big kobold zombies (Sewer)
  2 gnolls (D:6)
  11 adders
  3 shadow imps (Sewer)
  4 ufetubi (Sewer)
  6 oozes
  2 adder skeletons (D:7)
  A dart slug (D:2)
  5 leopard geckos (D:5)
  33 orcs
  A ball python (D:4)
  5 bats
  6 giant cockroaches
  2 gnoll zombies (Ossuary)
  7 goblins
  2 hobgoblins
  17 jackals
  A quokka (D:3)
  9 frilled lizards
  2 gnoll skeletons (Ossuary)
  A goblin skeleton (Ossuary)
  2 goblin zombies (Ossuary)
  2 hobgoblin skeletons (Ossuary)
  5 hobgoblin zombies (Ossuary)
  19 kobolds
  4 kobold skeletons (Ossuary)
  A kobold zombie (Ossuary)
  2 orc skeletons (Ossuary)
  An orc zombie (Ossuary)
  7 rats
  3 rat skeletons (Ossuary)
  5 rat zombies (Ossuary)
245 creatures vanquished.

Vanquished Creatures (others)
  Menkaure (Ossuary)
  3 mummies (Ossuary)
  2 gnoll skeletons (Ossuary)
  A goblin skeleton (Ossuary)
  2 hobgoblin skeletons (Ossuary)
  A hobgoblin zombie (Ossuary)
  3 kobold skeletons (Ossuary)
  7 kobold zombies
  An orc skeleton (Ossuary)
  2 orc zombies (Ossuary)
  2 rat skeletons (Ossuary)
  2 rat zombies (Ossuary)
27 creatures vanquished.

Grand Total: 272 creatures vanquished

Table legend:
 A = Turns spent in this place as a percentage of turns spent in the entire game.
 B = Non-inter-level travel turns spent in this place as a percentage of non-inter-level travel turns spent in the entire game.
 C = Inter-level travel turns spent in this place as a percentage of turns spent in this place.
 D = Turns resting spent in this place as a percentage of non-inter-level travel turns spent in this place.
 E = Turns spent auto-exploring this place as a percentage of non-inter-level travel turns spent in this place.
 F = Non-inter-level travel turns spent in this place divided by the number of levels of this place that you've seen.
                   A       B       C       D       E      F
               +-------+-------+-------+-------+-------+----------------------
         Total | 100.0 | 100.0 |   1.0 |   0.4 |  13.0 | 290.4
       Dungeon |  80.4 |  80.2 |   1.2 |   0.5 |   6.0 | 279.6
         Sewer |  11.6 |  11.7 |   0.0 |   0.0 |  39.8 | 407.0
       Ossuary |   8.0 |   8.1 |   0.0 |   0.0 |  43.6 | 282.0
               +-------+-------+-------+-------+-------+----------------------
